 Dungeon Crawl Stone Soup version 0.29.1-12-g30fa7ad0bf (webtiles) character file.

Game seed: 15466157118964926295

62198 cheesebisquit the Executioner (level 14, 0/124 HPs)
             Began as a Minotaur Berserker on Dec 14, 2022.
             Was an Elder of Trog.
             Slain by a sun demon (8 damage)
             ... summoned by an orc high priest
             ... on level 2 of the Orcish Mines on Dec 15, 2022.
             The game lasted 01:41:43 (18975 turns).

cheesebisquit the Executioner (Minotaur Berserker) Turns: 18975, Time: 01:41:44

Health: 0/124      AC: 26    Str: 25    XL:     14   Next: 63%
Magic:  13/13      EV: 12    Int:  4    God:    Trog [****..]
Gold:   1260       SH: 14    Dex: 12    Spells: 13/13 levels left

rFire   + . .      SeeInvis .   C - +5 war axe (venom)
rCold   + . .      Faith    .   o - +1 buckler of Repulsion {rPois Stlth+}
rNeg    . . .      Spirit   .   J - +1 plate armour
rPois   +          Reflect  +   j - +2 hat
rElec   +          Harm     .   D - +1 cloak
rCorr   +          Rampage  .   T - +2 pair of gloves
Will    +++..                   y - +1 pair of boots
Stlth   ..........              O - amulet of reflection
HPRegen 1.30/turn               q - ring of poison resistance
MPRegen 0.13/turn               i - +4 ring of evasion

@: resistant, strong-willed, on berserk cooldown, regenerating, slowed, very
slow
A: horns 2, retaliatory headbutt
a: Renounce Religion, Berserk, Trog's Hand, Brothers in Arms


You were on level 2 of the Orcish Mines.
You worshipped Trog.
Trog was greatly pleased with you.
You visited 3 branches of the dungeon, and saw 20 of its levels.
You also visited: Ossuary.

You collected 2294 gold pieces.
You spent 1034 gold pieces at shops.

Inventory:

Hand Weapons
 a - a +4 antimagic battleaxe
 b - a +2 sling of flaming
 v - a +3 hand axe
 C - a +5 war axe of venom (weapon)
 K - a +2 morningstar of protection
Missiles
 f - 4 atropa-tipped darts (quivered)
 g - 153 stones
 n - 3 throwing nets
 s - 2 curare-tipped darts
 X - 2 poisoned darts
Armour
 j - a +2 hat (worn)
 o - the +1 buckler of Repulsion (worn) {rPois Stlth+}
   (You bought it in a shop on level 1 of the Orcish Mines)

   rPois:     It protects you from poison.
   Stlth:     It makes you more stealthy.
 y - a +1 pair of boots (worn)
 D - a +1 cloak (worn)
 J - a +1 plate armour (worn)
 T - a +2 pair of gloves (worn)
Jewellery
 h - an amulet of regeneration
 i - a +4 ring of evasion (right hand)
 m - an amulet of guardian spirit
 q - a ring of poison resistance (left hand)
 z - a ring of flight
 O - an amulet of reflection (around neck)
Wands
 e - a wand of mindburst (8)
 l - a wand of flame (5)
 Q - a wand of light (14)
 V - a wand of roots (17)
 Z - a wand of charming (11)
Scrolls
 k - a scroll of vulnerability
 r - 3 scrolls of fog
 u - a scroll of silence
 A - 2 scrolls of magic mapping
 B - 3 scrolls of brand weapon
 E - 14 scrolls of teleportation
 I - a scroll of poison
 M - a scroll of fear
 N - a scroll of summoning
 P - a scroll of torment
 Y - a scroll of immolation
Potions
 c - 19 potions of curing
 d - 3 potions of cancellation
 p - 4 potions of attraction
 w - 2 potions of berserk rage
 F - 3 potions of invisibility
 G - 2 potions of might
 H - 8 potions of mutation
 L - 3 potions of flight
 R - a potion of magic
 W - 12 potions of ambrosia


   Skills:
 + Level 11.0 Fighting
 + Level 21.9 Axes
 + Level 10.6 Armour
 - Level 2.6 Dodging
 + Level 16.1 Shields


You had 13 spell levels left.
You didn't know any spells.
Your spell library was empty.

Dungeon Overview and Level Annotations

Branches:
Dungeon (13/15)            Temple (0/1) D:4            Lair (5/5) D:9
  Swamp (0/4) Lair:2       Spider (0/4) Lair:2        Slime (0/5) Lair:4
    Orc (2/2) D:10            Elf (0/3) Orc:2       Ossuary (visited)
 Vaults: D:13-14

Altars:
Cheibriados
Kikubaaqudgha
Nemelex Xobeh
Sif Muna
Trog
Wu Jian
Xom
The Shining One
Jiyva

Shops:
D:1 *   D:11 (   Orc:1 [[*[   Orc:2 ?*

Annotations:
Lair:1 2 runed translucent doors, Aldia's ghost, journeyman SpAr


Innate Abilities, Weirdness & Mutations

You have a pair of horns on your head.
You reflexively headbutt those who attack you in melee.


Message History

You headbutt the soul eater, but do no damage.
You slash the orc high priest!
The orc high priest is poisoned.
You headbutt the orc high priest.
The orc high priest is moderately wounded.
You slash the soul eater! You barely miss the sun demon.
The sun demon hits you!
You are engulfed in flames!
The orc high priest utters an invocation to Beogh.
The orc high priest hits you but does no damage.
You block the soul eater's attack.
Okay, then.
You hit the orc high priest but do no damage.
The orc high priest looks as sick as possible!
The orc high priest is heavily wounded.
You closely miss the soul eater. You hit the sun demon.
The sun demon hits you but does no damage.
You block the orc high priest's attack.
The orc high priest hits you but does no damage.
You block the soul eater's attack. The sun demon hits you.
You are engulfed in flames!
You hit the orc high priest.
The orc high priest looks as sick as possible!
You headbutt the orc high priest, but do no damage.
The orc high priest is heavily wounded.
You slash the soul eater! You closely miss the sun demon.
You block the orc high priest's attack. The orc high priest closely misses you.
A demonspawn comes into view.
The sun demon hits you!
You are engulfed in flames!
* * * LOW HITPOINT WARNING * * *
You block the soul eater's attack.
You feel protected. The sun demon hits you!
* * * LOW HITPOINT WARNING * * *
You are engulfed in flames!
You resist.
* * * LOW HITPOINT WARNING * * *
You block the orc high priest's attack.
The orc high priest hits you but does no damage.
You block the soul eater's attack. The sun demon hits you.
* * * LOW HITPOINT WARNING * * *
You are engulfed in flames!
You resist.
You die...

.....## )..### ###
))## ##.## ..#
##...## .## ##.....##
### ##.#...#.## #.##
##..)......## ...##
##[..#.#.#...## ....#
##...##3@.##...##
...##
##..[##43#o.##...##
### ....#
##...##.o###..##[[.##
##.## ....###.#.##..#
#..##.#.###...#
.[.###...##.6#
#..##...###..#
....###.#.##.
.##.#.###....
.....###...##
##...###.....
......###...##
##...###....#.
...##..###.[.##
##..)###..#####


You could see a demonspawn, a soul eater (summoned, very poisoned), 2 orc high
priests, a sun demon (summoned) and a rust devil (summoned).

Vanquished Creatures
  Gastronok (D:12)
  An orc warlord (Orc:2)
  A demonspawn (Orc:2)
  A boulder beetle (D:12)
  Erolcha (D:11)
  3 catoblepae (Lair:5)
  4 hydras
  4 two-headed ogres
  7 death yaks (Lair:5)
  4 orc high priests (Orc:2)
  Sonja (Orc:1)
  A fire crab (Lair:1)
  2 lindwurms
  An orb spider (Lair:2)
  4 orc knights
  8 orc sorcerers
  A cyclops (D:12)
  3 elephants (Lair:4)
  2 manticores (Lair:5)
  An ugly thing (D:12)
  Joseph (D:10)
  7 black mambas
  5 cane toads
  2 gargoyles
  3 unseen horrors
  6 rime drakes
  6 komodo dragons
  An ice devil (Orc:2)
  2 polar bears
  3 trolls
  A queen bee (Lair:3)
  A hornet (D:10)
  4 slime creatures (D:12)
  8 blink frogs
  Sigmund (D:6)
  3 shadows
  3 wraiths (D:12)
  Eustachio (D:6)
  2 wyverns
  50 yaks
  5 basilisks
  3 chaos spawn (Orc:2)
  2 steam dragons
  4 vampire mosquitoes (D:12)
  3 wargs
  2 acid dragons
  9 water moccasins
  38 orc warriors
  A black bear (Lair:3)
  2 ice beasts
  3 ogres
  5 wolves (Lair:3)
  9 centaurs
  3 phantoms
  2 elf zombies (Ossuary)
  8 bullfrogs
  4 scorpions
  3 wights (D:8)
  A water moccasin zombie (D:4)
  44 killer bees
  An electric eel (D:7)
  3 howler monkeys
  2 centaur zombies
  2 hounds
  3 human zombies (Ossuary)
  A gnoll bouda (D:8)
  34 orc priests
  Natasha (thrice) (D:2)
  31 orc wizards
  2 hound zombies (Ossuary)
  A hound skeleton (D:4)
  3 mummies (Ossuary)
  11 gnolls
  A howler monkey skeleton (D:4)
  6 adders
  An ufetubus (D:5)
  5 adder zombies (Ossuary)
  2 adder skeletons (D:4)
  A worm (D:2)
  4 dart slugs
  101 orcs
  9 ball pythons
  11 endoplasms
  3 giant cockroaches
  7 goblins
  3 hobgoblins
  4 jackals
  6 kobolds
  5 quokkas
  10 bats
  A frilled lizard (D:2)
  6 goblin zombies (Ossuary)
  3 hobgoblin zombies (Ossuary)
  2 jackal zombies (Ossuary)
  4 kobold zombies (Ossuary)
  3 orc zombies (Ossuary)
  3 quokka zombies (Ossuary)
  8 rats
  2 rat zombies (Ossuary)
620 creatures vanquished.

Vanquished Creatures (collateral kills)
  A hydra (Lair:5)
1 creature vanquished.

Vanquished Creatures (others)
  A basilisk (Lair:1)
  An orc priest (Orc:2)
  6 fungi
  17 plants
  6 toadstools (Lair:1)
  15 withered plants (D:4)
46 creatures vanquished.

Grand Total: 667 creatures vanquished

Notes
Turn   | Place    | Note
-------+----------+-------------------------------------------
     0 | D:1      | cheesebisquit the Minotaur Berserker began the quest for
                  | the Orb.
     0 | D:1      | Reached XP level 1. HP: 19/19 MP: 0/0
   210 | D:1      | Found a faded altar of an unknown god.
   241 | D:1      | Reached XP level 2. HP: 27/27 MP: 1/1
   628 | D:1      | Reached skill level 4 in Axes
   833 | D:1      | Found Sapoth's Assorted Antiques.
  1096 | D:1      | Reached XP level 3. HP: 33/33 MP: 2/2
  1466 | D:2      | Reached ** piety under Trog
  1504 | D:2      | Noticed Natasha
  1508 | D:2      | Killed Natasha
  1509 | D:2      | Reached skill level 5 in Axes
  1518 | D:2      | Reached XP level 4. HP: 40/40 MP: 3/3
  1607 | D:2      | Noticed Natasha
  1613 | D:2      | Killed Natasha
  1656 | D:2      | Noticed Natasha
  1661 | D:2      | Killed Natasha
  1662 | D:2      | Reached skill level 6 in Axes
  2294 | D:3      | Reached XP level 5. HP: 46/46 MP: 4/4
  2685 | D:3      | Found a shimmering blue altar of Sif Muna.
  2686 | D:3      | Found a glowing golden altar of the Shining One.
  2687 | D:3      | Found a snail-covered altar of Cheibriados.
  2687 | D:3      | Found a bloodstained altar of Trog.
  2968 | D:3      | Found an ancient bone altar of Kikubaaqudgha.
  2975 | D:3      | Reached skill level 7 in Axes
  3252 | D:4      | Reached XP level 6. HP: 52/52 MP: 5/5
  3285 | D:4      | Reached skill level 8 in Axes
  3319 | D:4      | Found a sand-covered staircase.
  3332 | Ossuary  | Entered an ossuary
  3477 | Ossuary  | Reached skill level 9 in Axes
  3487 | Ossuary  | Reached *** piety under Trog
  3502 | Ossuary  | Reached XP level 7. HP: 59/59 MP: 6/6
  3578 | Ossuary  | Reached skill level 10 in Axes
  3734 | D:4      | Found a staircase to the Ecumenical Temple.
  3799 | D:4      | Found the +4 dagger "Morg" {pain, Will+ Int+5}
  3881 | D:4      | Reached skill level 11 in Axes
  3992 | D:4      | Reached **** piety under Trog
  3993 | D:4      | Reached XP level 8. HP: 66/66 MP: 7/7
  4315 | D:4      | Found a sparkling altar of Nemelex Xobeh.
  4422 | D:5      | Entered Level 5 of the Dungeon
  4436 | D:5      | Reached skill level 12 in Axes
  4960 | D:5      | Noticed a two-headed ogre
  4967 | D:5      | Killed a two-headed ogre
  4968 | D:5      | Reached skill level 14 in Axes
  4968 | D:5      | Reached XP level 9. HP: 71/71 MP: 8/8
  5533 | D:6      | Noticed Sigmund
  5543 | D:6      | Killed Sigmund
  5753 | D:6      | Noticed Eustachio
  5768 | D:6      | Reached skill level 15 in Axes
  5769 | D:6      | Killed Eustachio
  5942 | D:1      | Bought a pair of gloves for 108 gold pieces
  6180 | D:7      | Reached skill level 16 in Axes
  6949 | D:8      | Reached XP level 10. HP: 62/78 MP: 9/9
  7002 | D:8      | Reached skill level 17 in Axes
  7061 | D:8      | Found a shimmering altar of Xom.
  7319 | D:9      | Reached skill level 18 in Axes
  7366 | D:9      | Noticed a two-headed ogre
  7375 | D:9      | Reached ***** piety under Trog
  7379 | D:9      | Reached skill level 19 in Axes
  7382 | D:9      | Killed a two-headed ogre
  7502 | D:9      | Reached XP level 11. HP: 84/84 MP: 10/10
  7663 | D:9      | Found an ornate altar of the Wu Jian Council.
  7680 | D:9      | Received a gift from Trog
  7843 | D:9      | Found a staircase to the Lair.
  7978 | D:10     | Entered Level 10 of the Dungeon
  8096 | D:10     | Reached skill level 20 in Axes
  8185 | D:10     | Found a staircase to the Orcish Mines.
  8407 | D:10     | Noticed Joseph
  8416 | D:10     | Killed Joseph
  8484 | D:10     | Noticed a five-headed hydra
  8500 | D:10     | Killed a five-headed hydra
  8501 | D:10     | Reached skill level 5 in Fighting
  9175 | D:11     | Found Qiduni's Weapon Emporium.
  9220 | D:11     | Noticed an eight-headed hydra
  9240 | D:11     | Killed an eight-headed hydra
  9241 | D:11     | Reached skill level 5 in Armour
  9391 | D:11     | Noticed Erolcha
  9418 | D:11     | Killed Erolcha
  9888 | D:12     | Noticed Gastronok
  9906 | D:12     | Killed Gastronok
  9907 | D:12     | Reached XP level 12. HP: 101/101 MP: 3/11
 10112 | D:12     | Noticed a boulder beetle
 10145 | D:12     | Killed a boulder beetle
 10240 | D:12     | Reached skill level 21 in Axes
 10587 | D:12     | Noticed a two-headed ogre
 10591 | D:12     | Killed a two-headed ogre
 10840 | Orc:1    | Entered Level 1 of the Orcish Mines
 10841 | Orc:1    | Found Omuofum's General Store.
 10843 | Orc:1    | Found Xossehof's Antique Armour Shop.
 10847 | Orc:1    | Bought a scroll of identify for 24 gold pieces
 10975 | Orc:1    | Bought a faintly humming buckler for 218 gold pieces
 10975 | Orc:1    | Identified the +1 buckler of Repulsion {rPois Stlth+} (You
                  | bought it in a shop on level 1 of the Orcish Mines)
 11060 | Orc:1    | Paralysed by an orc sorcerer for 3 turns
 11249 | Orc:1    | Found Wibagack's Armour Shoppe.
 11256 | Orc:1    | Bought a +2 pair of gloves for 264 gold pieces
 11372 | Lair:1   | Entered Level 1 of the Lair of Beasts
 11380 | Lair:1   | Found a runed translucent door.
 11381 | Lair:1   | Found a shimmering altar of Xom.
 11381 | Lair:1   | Noticed Aldia's ghost (journeyman SpAr)
 11791 | Lair:1   | Reached skill level 5 in Shields
 12042 | Lair:1   | Noticed a catoblepas
 12042 | Lair:1   | Noticed a catoblepas
 12086 | Lair:1   | Found a runed translucent door.
 12444 | Lair:2   | Found a staircase to the Swamp.
 12780 | Lair:2   | Found a hole to the Spider Nest.
 13232 | Lair:3   | Noticed a four-headed hydra
 13237 | Lair:3   | Noticed a five-headed hydra
 13240 | Lair:3   | Killed a four-headed hydra
 13246 | Lair:3   | Killed a five-headed hydra
 13258 | Lair:3   | Reached skill level 10 in Shields
 13294 | Lair:3   | Reached XP level 13. HP: 108/108 MP: 12/12
 14299 | Lair:4   | Found a viscous altar of Jiyva.
 14300 | Lair:4   | Found a staircase to the Slime Pits.
 14462 | Lair:4   | Identified the +5 hand axe of the Sky {vorpal, rPois Str+2
                  | Int+2}
 14951 | Lair:5   | Entered Level 5 of the Lair of Beasts
 15383 | Lair:5   | Reached skill level 15 in Shields
 15457 | Lair:5   | Reached XP level 14. HP: 90/118 MP: 13/13
 16370 | Orc:2    | Entered Level 2 of the Orcish Mines
 16736 | Orc:2    | Found a staircase to the Elven Halls.
 16823 | Orc:2    | Noticed an orc warlord
 16824 | Orc:2    | Received a gift from Trog
 16830 | Orc:2    | Reached skill level 10 in Fighting
 16845 | Orc:2    | Killed an orc warlord
 17184 | Orc:2    | Found Ikeurer's Magic Scroll Boutique.
 17192 | Orc:2    | Found Coge's General Store.
 17233 | Orc:2    | Reached skill level 10 in Armour
 17353 | Orc:2    | Bought a scroll of identify for 30 gold pieces
 17353 | Orc:2    | Bought a scroll of identify for 30 gold pieces
 17357 | Orc:2    | Bought an amulet of reflection for 360 gold pieces
 17445 | Orc:2    | HP: 2/122 [orc knight/+0 bardiche (18)]
 17491 | Orc:1    | Noticed Sonja
 17847 | Orc:2    | Received a gift from Trog
 18789 | Orc:1    | Found Lisecu's Armour Shop.
 18839 | Orc:1    | Killed Sonja
 18975 | Orc:2    | Slain by a sun demon

Illustrated notes

Levels and vault maps discovered:
D:1:      dpeg_arrival_boxorama, layout_basic, ebering_ecumenical_altar_webs,
          serial_shops, nicolae_square_shop
D:2:      layout_loops_ring, uniq_natasha
D:3:      layout_loops_corners, mainiacjoe_overflow_alcove_3,
          overflow_temple_1_default, columned_hall_lemuel
D:4:      layout_cave_pods, nemelex_spade_bored_becter,
          minmay_temple_entry_junction_2, nicolae_ossuary_entry_monument,
          dilly_guarded_unrand_morg
D:5:      layout_basic, gup_sewer_entry_spiral
D:6:      layout_basic, uniq_sigmund, uniq_eustachio
D:7:      layout_loops_ring, minivault_4
D:8:      layout_rooms, xom_teletrap_fun, corexii_corridor_pit
D:9:      layout_roguey, mainiacjoe_overflow_six_doors_small, lair_entry_dummy,
          minmay_misc_feat_columns
D:10:     layout_basic, david_orc_5, nicolae_twisting_strands, uniq_joseph
D:11:     layout_roguey, serial_shops, nicolae_shop_statue_plus, uniq_erolcha
D:12:     layout_big_octagon, serial_co_window_serial, co_window_paths_a,
          co_window_paths_a, co_window_paths_a, co_window_paths_a,
          co_window_of_opportunity_a, co_window_unsneaky_path_d,
          co_window_broadway_b, co_window_2corner, co_window_2corner,
          co_window_of_opportunity_c, co_window_corner_cb, co_window_cross_2,
          co_window_4corner_b, co_window_sun, glass_columns_b, glass_columns_b,
          grunt_ministairs_3, uniq_gastronok
D:13:     layout_loops_ring, serial_shops, shop, uniq_lodul, uniq_frances
Lair:1:   gammafunk_lair_enchanted_lake, layout_long_grid, ebering_ghost_xom,
          serial_bayou_pond_c
Lair:2:   layout_gridlike, swamp_mist_pool, nicolae_spider_entry_orb_guardian
Lair:3:   beast_lair_carwin_large_2, layout_hall_layers, special_room
          [special_room_bee]
Lair:4:   layout_gridlike, slime_entry_1, lemuel_fruit_fields
Lair:5:   evilmike_catoblepas_cave, layout_hall_layers, grunt_megastairs_1,
          lemuel_fruit_tree
Orc:1:    layout_caves, serial_shops, nicolae_shop_crystal,
          nicolae_shop_crystal, nicolae_square_shop, nicolae_diamond_shop,
          basic_altar, uniq_sonja
Orc:2:    pf_orc_diabolical, layout_diamond_mine

Skill      XL: |  1  2  3  4  5  6  7  8  9 10 11 12 13 14 |
---------------+-------------------------------------------+-----
Fighting       | 4 7 8 9 11 | 11.0
Axes           | 4 5 6 7 9 11 14 16 19 20 21 | 21.9
Armour         | 7 8 9 10 | 10.6
Shields        | 10 15 16 | 16.1
Dodging        | |  2.6

Action                   |  1- 3 |  4- 6 |  7- 9 | 10-12 | 13-15 || total
-------------------------+-------+-------+-------+-------+-------++-------
Melee: Hand axe          |    68 |    66 |       |       |       ||   134
       Headbutt          |     2 |    20 |    44 |    86 |   153 ||   305
       Punch             |     1 |       |     2 |     1 |       ||     4
       War axe           |       |   103 |   283 |   219 |   602 ||  1207
       Battleaxe         |       |       |       |   140 |       ||   140
       Morningstar       |       |       |       |    75 |     2 ||    77
Invok: Berserk           |     2 |     6 |     9 |    22 |    11 ||    50
       Trog's Hand       |     1 |     2 |     6 |    11 |    13 ||    33
       Brothers in Arms  |       |       |       |       |     1 ||     1
  Use: Scroll            |       |       |    15 |    14 |    12 ||    41
       Potion            |       |       |       |     3 |     6 ||     9
 Stab: Sleeping          |     1 |     1 |       |       |       ||     2
       Invisible         |       |       |       |       |     1 ||     1
Armor: Animal skin       |    16 |     2 |       |       |       ||    18
       Chain mail        |       |    65 |    23 |       |       ||    88
       Scale mail        |       |       |    55 |       |       ||    55
       Plate armour      |       |       |       |   251 |   210 ||   461
Dodge: Dodged            |    50 |    88 |   146 |   229 |   225 ||   738
Block: Buckler           |       |       |       |    38 |   245 ||   283
       Reflection        |       |       |       |       |    11 ||    11
